 Dungeon Crawl Stone Soup version 0.30-a0-851-gbd0d260d8e (webtiles) character file.

Game seed: 14609945300042026625

166 112233 the Magician (level 5, -1/35 HPs)
             Began as a Demonspawn Fire Elementalist on Mar 4, 2023.
             Slain by Ijyb
             ... wielding a +0 club
              (3 damage)
             ... on level 4 of the Dungeon.
             The game lasted 00:03:55 (4115 turns).

112233 the Magician (Demonspawn Fire Elementalist)  Turns: 4115, Time: 00:03:55

Health: -1/35      AC:  2    Str:  9    XL:     5   Next: 22%
Magic:  4/12       EV: 12    Int: 18    God:
Gold:   137        SH:  0    Dex: 13    Spells: 8/14 levels left

rFire   . . .      SeeInvis .    e - +0 dagger
rCold   . . .      Faith    .    (no shield)
rNeg    . . .      Spirit   .    a - +0 robe
rPois   .          Reflect  .    (helmet restricted)
rElec   .          Rampage  .    (no cloak)
rCorr   .                        (no gloves)
Will    .....                    (no boots)
Stlth   +                        (no amulet)
HPRegen 0.25/turn                (no ring)
MPRegen 0.13/turn                (no ring)

@: confused, very slightly contaminated
A: horns 1, spiny 1
a: no special abilities


You were on level 4 of the Dungeon.
You visited 1 branch of the dungeon, and saw 4 of its levels.

You collected 137 gold pieces.

Inventory:

Hand Weapons
 e - a +0 dagger (weapon)
 q - a +0 heavy hand axe
Armour
 a - a +0 robe (worn)
Jewellery
 d - an amulet of regeneration
Wands
 p - a wand of light (5)
Scrolls
 b - 2 scrolls of poison {unknown}
 c - a scroll of enchant armour {unknown}
 g - 4 scrolls of teleportation {unknown}
 h - a scroll of silence {unknown}
 i - a scroll of fear {unknown}
 k - a scroll of immolation {unknown}
 n - a scroll of identify {unknown}
 r - a scroll of fog {unknown}
Potions
 f - 2 potions of attraction
 j - a potion of brilliance {unknown}
 l - 3 potions of curing {unknown}
 m - a potion of heal wounds {unknown}
 o - a potion of flight {unknown}


   Skills:
 - Level 1.8 Dodging
 - Level 1.8 Stealth
 + Level 5.0 Spellcasting
 - Level 1.1 Conjurations
 - Level 2.7 Fire Magic


You had 8 spell levels left.
You knew the following spells:

 Your Spells              Type           Power      Damage    Failure   Level
a - Foxfire               Conj/Fire      44%        2x1d6     6%          1
b - Scorch                Fire           28%        2d6       6%          2
c - Kindle Blastsparks    Fire/Tloc/Air  14%        2d11      28%         3

Your spell library contained the following spells:

 Spells                   Type           Power      Damage    Failure   Level
 Inner Flame              Hex/Fire       9%         N/A       22%         3
 Ignite Poison            Fire/Tmut/Pois 7%         N/A       28%         3
 Flame Wave               Conj/Fire      11%        2d6       52%         4
 Sticky Flame             Conj/Fire      11%        2d3       52%         4
 Ignition                 Fire           7%         3d4       100%        8


Dungeon Overview and Level Annotations

Branches:
Dungeon (4/15)
 Temple: D:4-7

Altars:
Nemelex Xobeh
Ru

Annotations:
D:4 Ijyb


Innate Abilities, Weirdness & Mutations

You have a pair of small horns on your head.
You are partially covered in sharp spines.


Message History

Ijyb shouts!
The foxfire hits Ijyb but does no damage.
The foxfire hits Ijyb but does no damage.
Unknown command.
Casting: Foxfire (safe; 6% risk of failure)
Confirm with . or Enter, or press ? or * to list all spells.
You conjure some foxfire!
The foxfire hits Ijyb.
Ijyb completely resists.
The foxfire hits Ijyb.
Ijyb resists.
Ijyb is lightly wounded.
The foxfire hits Ijyb.
Ijyb resists.
Ijyb is lightly wounded.
Casting: Foxfire (safe; 6% risk of failure)
Confirm with . or Enter, or press ? or * to list all spells.
Flames lash Ijyb but do no damage.
Ijyb zaps a wand.
The bolt of light hits you!
Unknown command.
Casting: Scorch (safe; 6% risk of failure)
Confirm with . or Enter, or press ? or * to list all spells.
You miscast Scorch.
You are very lightly contaminated with residual magic.
Nothing appears to happen.
Unknown command.
Aiming: Bolt of Light
Press: ? - help, Shift-Dir - straight line, f - Ijyb
Aim: Ijyb, wielding a +0 club, wearing a +3 ring mail of fire resistance and carrying a wand of light (8) (lightly wounded, 68% to hit)
The bolt of light hits Ijyb!
Ijyb is heavily wounded.
Ijyb is blinded.
A quokka comes into view.
Ijyb hits you with a +0 club.
Unknown command.
Casting: Scorch (safe; 6% risk of failure)
Confirm with . or Enter, or press ? or * to list all spells.
Flames lash Ijyb.
Ijyb completely resists.
Ijyb zaps a wand.
The bolt of light hits you!!
You are confused.
Ouch! That really hurt!
* * * LOW HITPOINT WARNING * * *
Ijyb hits you with a +0 club.
You die...

..#......... ..........
#......!. ..#....≈≈~
#....r#.###.#...P≈~#
#..[........#....~≈#
#.......# #.#...(≈≈#
###...g..# #.#....~≈###
#.....@..# #.#....~≈≈≈≈
#.#......###.#....~~~~≈
##..≈......#.....P...
##.≈..........######
.....≈....#####.#
.###.≈.#..# #)######
#......# #..<....
........# ########
###.#....#


You could see Ijyb (blind) and a quokka.

Vanquished Creatures
  An orc priest (D:3)
  Terence (D:3)
  An orc wizard (D:3)
  A gnoll (D:1)
  An adder (D:3)
  2 worms (D:3)
  6 orcs (D:3)
  A ball python (D:1)
  8 bats
  4 endoplasms
  3 giant cockroaches
  3 hobgoblins
  3 jackals (D:3)
  4 quokkas
  6 frilled lizards (D:1)
  A goblin (D:1)
  7 kobolds
  4 rats
57 creatures vanquished.

Vanquished Creatures (others)
  196 foxfires
196 creatures vanquished.

Grand Total: 253 creatures vanquished

Notes
Turn   | Place    | Note
-------+----------+-------------------------------------------
     0 | D:1      | 112233 the Demonspawn Fire Elementalist began the quest for
                  | the Orb.
     0 | D:1      | Reached XP level 1. HP: 13/13 MP: 3/3
   263 | D:1      | Gained mutation: You have a pair of small horns on your
                  | head. [demonic ancestry]
   263 | D:1      | Reached XP level 2. HP: 19/19 MP: 5/5
   301 | D:1      | Learned a level 2 spell: Scorch
   821 | D:1      | Reached skill level 3 in Spellcasting
   982 | D:1      | Reached XP level 3. HP: 22/24 MP: 4/7
  2198 | D:2      | Learned a level 3 spell: Kindle Blastsparks
  2302 | D:2      | Found a sparkling altar of Nemelex Xobeh.
  2568 | D:3      | Reached XP level 4. HP: 11/30 MP: 5/9
  2696 | D:3      | Reached skill level 4 in Spellcasting
  3135 | D:3      | Found a sacrificial altar of Ru.
  3555 | D:3      | Noticed Terence
  3586 | D:3      | Killed Terence
  3587 | D:3      | Gained mutation: You are partially covered in sharp spines.
                  | [demonic ancestry]
  3587 | D:3      | Reached XP level 5. HP: 16/35 MP: 1/12
  3944 | D:3      | Reached skill level 5 in Spellcasting
  4103 | D:4      | Noticed Ijyb
  4115 | D:4      | Slain by Ijyb

Illustrated notes

Levels and vault maps discovered:
D:1:      erik_arrival_cave_to_civilisation [erik_arrival_cave_to_hall],
          layout_basic, nicolae_concentric_dashed_squares_wild,
          minmay_lizard_pond
D:2:      layout_loops_ring, basic_altar
D:3:      layout_loops_corners, mainiacjoe_overflow_paths,
          cheibrodos_sewer_entry_drain, minivault_24, uniq_terence
D:4:      lemuel_castle_with_subvaults [lemuel_castle_interior_original],
          layout_loops_ring, mainiacjoe_overflow_boulevard, uniq_blork_the_orc,
          uniq_crazy_yiuf_cottage, uniq_ijyb, uniq_grinder, uniq_duvessa

Skill      XL: |  1  2  3  4  5 |
---------------+----------------+-----
Spellcasting   | 3 4 5 |  5.0
Dodging        | |  1.8
Stealth        | |  1.8
Conjurations   | |  1.1
Fire Magic     | |  2.7

Action                     |  1- 3 |  4- 6 || total
---------------------------+-------+-------++-------
  Melee: Unarmed           |     7 |       ||     7
         Dagger            |    20 |       ||    20
   Cast: Foxfire           |    77 |    49 ||   126
         Scorch            |     5 |    14 ||    19
  Evoke: Wand              |       |     2 ||     2
    Use: Potion            |     5 |     1 ||     6
 Armour: Robe              |    13 |     3 ||    16
         Skin              |    35 |       ||    35
  Dodge: Dodged            |    22 |     6 ||    28

Table legend: (Time is in decaauts)
 A = Elapsed time spent in this place.
 B = Non-inter-level travel time spent in this place.
 C = Inter-level travel time spent in this place.
 D = Time resting spent in this place.
 E = Time spent auto-exploring this place.
 F = Levels seen in this place.
 G = Mean time per level.
                   A        B        C        D        E       F      G
               +--------+--------+--------+--------+--------+-----+--------+
         Total |   4076 |   3951 |    125 |    277 |   3172 |   4 | 1019.0 |
       Dungeon |   4076 |   3951 |    125 |    277 |   3172 |   4 | 1019.0 |
               +--------+--------+--------+--------+--------+-----+--------+

Top non-repeatable levels by time:
     D:1: 1738 daAuts
     D:3: 1537 daAuts
     D:2: 753 daAuts
     D:4: 46 daAuts
